 Dungeon Crawl Stone Soup version 0.21.1-1-g345015fe64 (webtiles) character file.

2520 Gargoyl the Chopper (level 9, 0/74 HPs)
             Began as a Centaur Abyssal Knight on May 9, 2018.
             Was a High Priest of Lugonu.
             Slain by Erica
             ... wielding a +4 scimitar of flaming
              (3 damage)
             ... on level 8 of the Dungeon.
             The game lasted 00:13:13 (7302 turns).

Gargoyl the Chopper (Centaur Abyssal Knight)        Turns: 7302, Time: 00:13:15

Health: 0/74       AC: 13    Str: 17    XL:     9   Next: 29%
Magic:  13/13      EV:  7    Int: 11    God:    Lugonu [*****.]
Gold:   366        SH:  0    Dex:  8    Spells: 8/8 levels left

rFire    . . .     SeeInvis .   a - +1 hand axe
rCold    + + .     Gourm    .   (no shield)
rNeg     + . .     Faith    .   h - +2 ice dragon scales
rPois    .         Spirit   .   w - +2 hat
rElec    .         Reflect  .   (no cloak)
rCorr    .         Harm     .   (no gloves)
MR       .....                  (no barding)
Stlth    ..........             f - amulet of regeneration
HPRegen  0.62/turn              g - ring of protection from fire
MPRegen  0.13/turn              d - ring of positive energy

@: lethally poisoned (0 -> -7), slowed
A: large, antennae 1, hooves 3, clumsy 1, deformed body, speed 2, tough skin 3
a: Depart the Abyss, Bend Space, Banish, Corrupt, Enter the Abyss, Renounce
Religion


You were on level 8 of the Dungeon.
You worshipped Lugonu.
Lugonu was extremely pleased with you.
You were hungry.

You visited 1 branch of the dungeon, and saw 8 of its levels.
You visited the Abyss 1 time.
You also visited: Sewer.

You collected 366 gold pieces.

Inventory:

Hand Weapons
 a - a +1 hand axe (weapon)
 p - a +2 spear of venom
Missiles
 n - 7 tomahawks (quivered)
Armour
 h - +2 ice dragon scales (worn)
 r - a +0 helmet
 w - a +2 hat (worn)
Jewellery
 d - a ring of positive energy (right hand)
 f - an amulet of regeneration (around neck)
 g - a ring of protection from fire (left hand)
Scrolls
 e - 2 scrolls of remove curse
 i - 3 scrolls of teleportation
 j - 6 scrolls of identify
 l - 5 scrolls of fog
 m - 2 scrolls of amnesia
 o - 3 scrolls of magic mapping
 q - 2 scrolls of blinking
Potions
 b - 3 potions of agility
 s - 3 potions of heal wounds
 t - 2 potions of might
 x - a potion of cancellation
Comestibles
 c - 16 rations


   Skills:
 + Level 5.6 Fighting
 + Level 6.1 Axes
 + Level 0.1(3.7) Polearms
 + Level 0.6 Throwing
 * Level 6.0 Armour
 + Level 2.3 Dodging
 * Level 5.7 Invocations


You had 8 spell levels left.
You didn't know any spells.

Dungeon Overview and Level Annotations

Branches:
Dungeon (8/15)             Temple (0/1) D:4
   Lair: D:8-11

Altars:
Cheibriados
Hepliaklqana
Makhleb
Okawaru
Trog
Uskayaw
Wu Jian
Xom
Zin

Annotations:
D:8 Erica


Innate Abilities, Weirdness & Mutations

You have hooves in place of feet.
Armour fits poorly on your strangely shaped body.
You cover ground very quickly.
You have extremely tough skin. (AC +3)
You have a pair of small antennae on your head.
You are clumsy. (Dex -2)


Message History

Something hits you! Something burns you.
* * * LOW HITPOINT WARNING * * *
The orc hits you but does no damage.
The orc hits you from afar with a vampiric trident.
* * * LOW HITPOINT WARNING * * *
The orc wizard gestures wildly while chanting.
The orc wizard blinks!
You hear some strange, mumbled words.
A bolt of poison appears from out of thin air!
The bolt of poison hits you!
You are more poisoned.
* * * LOW HITPOINT WARNING * * *
You hit something. You hit the orc but do no damage.
You feel sick.
The orc wizard casts a spell.
The orc wizard blinks!
The orc hits you with a club.
* * * LOW HITPOINT WARNING * * *
The orc barely misses you. Something hits you.
* * * LOW HITPOINT WARNING * * *
Something burns you.
You die... #.. . #.. .< hhh

... #F# ....
#F####
...o.##o##<#
..§...o{.#.#
#@##.# #.##.# #
#(##†#### #.
#.#.....# #.
#.#.....#
###.####.#.....#
#.....##.#.....#
#............#
##^..........#


You could see 2 bullfrogs, 3 howler monkeys, an orc wizard and 2 orcs.

Vanquished Creatures
  The ghost of Gitz the Chopper, a novice DsBe of Trog (D:6)
  The ghost of brittlin the Skirmisher, an amateur HOFi (D:3)
  A sky beast (D:6)
  2 phantoms (D:5)
  2 ogres (D:6)
  2 centaurs
  5 bullfrogs
  A wyvern zombie (D:7)
  2 scorpions
  3 howler monkeys
  A hound (D:5)
  3 jellies
  2 bullfrog skeletons
  A centaur skeleton (D:4)
  2 iguanas
  2 worker ants
  2 worker ant zombies
  25 adders
  4 gnolls (D:5)
  6 river rats
  An ooze (Sewer)
  4 worms
  3 dart slugs
  8 leopard geckos
  13 orcs
  13 ball pythons (Sewer)
  5 bats
  9 giant cockroaches
  10 goblins
  8 hobgoblins
  16 jackals
  13 kobolds
  5 quokkas
  10 frilled lizards
  A leopard gecko skeleton (D:4)
  34 rats
  A plant (D:3)
222 creatures vanquished.

Notes
Turn   | Place    | Note
-------+----------+-------------------------------------------
     0 | Abyss:1  | Gargoyl the Centaur Abyssal Knight began the quest for the Orb.
     0 | Abyss:1  | Reached XP level 1. HP: 19/19 MP: 2/2
    61 | Abyss:2  | Noticed a vampire
   103 | Abyss:2  | Noticed a ynoxinul
   108 | D:1      | Escaped the Abyss
   574 | D:1      | Reached XP level 2. HP: 26/26 MP: 3/3
   736 | D:1      | Reached * piety under Lugonu
   892 | D:1      | Reached XP level 3. HP: 33/33 MP: 4/4
  1273 | D:2      | Found a hide-covered altar of Uskayaw.
  1416 | D:2      | Reached XP level 4. HP: 40/40 MP: 5/5
  1505 | D:2      | Reached ** piety under Lugonu
  2226 | D:3      | Reached XP level 5. HP: 46/46 MP: 6/6
  2240 | D:3      | Noticed brittlin's ghost (amateur HOFi)
  2250 | D:3      | Gained mutation: Your spells are a little harder to cast, but a little more powerful. [potion of mutation]
  2250 | D:3      | Lost mutation: Your spells are a little harder to cast, but a little more powerful. [potion of mutation]
  2250 | D:3      | Gained mutation: You are clumsy. (Dex -2) [potion of mutation]
  2250 | D:3      | Gained mutation: You have a pair of small antennae on your head. [potion of mutation]
  2258 | D:3      | Killed brittlin's ghost
  2258 | D:3      | Reached skill level 1 in Dodging
  2548 | D:3      | Reached XP level 6. HP: 52/52 MP: 8/8
  3042 | D:4      | Found an ornate altar of the Wu Jian Council.
  3119 | D:4      | Reached *** piety under Lugonu
  3141 | D:4      | Found a burning altar of Makhleb.
  3142 | D:4      | Noticed an Executioner
  3409 | D:4      | Found a snail-covered altar of Cheibriados.
  3504 | D:4      | Found a staircase to the Ecumenical Temple.
  3667 | D:4      | Found a hazy altar of Hepliaklqana.
  3765 | D:4      | Found a glowing silver altar of Zin.
  3765 | D:4      | Noticed an angel
  3793 | D:5      | Entered Level 5 of the Dungeon
  3807 | D:5      | Found a shimmering altar of Xom.
  3808 | D:5      | Found an iron altar of Okawaru.
  3825 | D:5      | Reached XP level 7. HP: 23/60 MP: 9/9
  3836 | D:5      | HP: 3/60 [poisoned by a scorpion]
  3842 | D:5      | HP: 2/60 [poisoned by a scorpion]
  3847 | D:5      | HP: 1/60 [poisoned by a scorpion]
  3852 | D:5      | HP: 1/60 [poisoned by a scorpion]
  3858 | D:5      | HP: 3/60 [poisoned by a scorpion]
  4077 | D:5      | Found a glowing drain.
  4082 | Sewer    | Entered a sewer
  4179 | Sewer    | Reached **** piety under Lugonu
  4711 | D:5      | Reached XP level 8. HP: 65/67 MP: 11/11
  4813 | D:5      | Reached skill level 5 in Axes
  5171 | D:5      | Noticed a moth of wrath
  5174 | D:5      | Found a bloodstained altar of Trog.
  5308 | D:6      | Reached skill level 5 in Fighting
  5804 | D:6      | HP: 1/68 [ogre/giant club (15)]
  5806 | D:6      | Reached skill level 5 in Armour
  5806 | D:6      | Reached skill level 5 in Invocations
  6007 | D:6      | Reached ***** piety under Lugonu
  6484 | D:6      | Noticed Gitz's ghost (novice DsBe)
  6519 | D:6      | Killed Gitz's ghost
  6519 | D:6      | Reached XP level 9. HP: 37/74 MP: 11/13
  7285 | D:8      | Noticed Erica
  7302 | D:8      | HP: 3/74 [something (6)]
  7302 | D:8      | Slain by Erica

Skill      XL: |  1  2  3  4  5  6  7  8  9 |
---------------+----------------------------+-----
Axes           | 2 3 4 5 6 |  6.1
Armour         | 2 3 4 5 6 |  6.0
Fighting       | 4 5 |  5.6
Dodging        | 1 2 |  2.3
Invocations    | 3 4 5 |  5.7
Polearms       | |  0.1
Throwing       | |  0.6

Action                   |  1- 3 |  4- 6 |  7- 9 || total
-------------------------+-------+-------+-------++-------
Melee: Broad axe         |    67 |       |       ||    67
       Hand axe          |    83 |   245 |   427 ||   755
       Kick              |    25 |    40 |    95 ||   160
       Spear             |       |     8 |       ||     8
Throw: Tomahawk          |       |       |     5 ||     5
Invok: Depart the Abyss  |     1 |       |       ||     1
  Use: Scroll            |     1 |     8 |     7 ||    16
       Potion            |       |     5 |     8 ||    13
  Eat: Chunk             |     1 |     6 |       ||     7
       Ration            |       |       |     3 ||     3
Armor: Ice dragon scales |   147 |   164 |   280 ||   591
Dodge: Dodged            |    74 |    93 |   185 ||   352
